 Dungeon Crawl Stone Soup version 0.22-a0-407-gb098539 (webtiles) character file.

8217 Gorglomux the Chopper (level 11, -13/67 HPs)
             Began as a Deep Elf Gladiator on May 9, 2018.
             Was an Elder of Okawaru.
             Mangled by a two-headed ogre
             ... wielding a +0 giant club
              (24 damage)
             ... while paralysed by an orc sorcerer
             ... on level 10 of the Dungeon.
             The game lasted 00:13:47 (11763 turns).

Gorglomux the Chopper (Deep Elf Gladiator)         Turns: 11763, Time: 00:13:47

Health: -13/67     AC: 14    Str: 16    XL:     11   Next: 7%
Magic:  16/16      EV:  2    Int: 14    God:    Okawaru [****..]
Gold:   687        SH:  0    Dex: 16    Spells: 10/10 levels left

rFire    . . .     SeeInvis .   V - +1 hand axe (elec)
rCold    + . .     Gourm    .   y - +0 buckler
rNeg     . . .     Faith    .   J - +0 chain mail
rPois    .         Spirit   .   C - +0 helmet
rElec    .         Reflect  .   (no cloak)
rCorr    .         Harm     .   z - +0 pair of gloves (curse)
MR       +....                  x - +0 pair of boots
Stlth    ..........             L - amulet of rage
HPRegen  0.21/turn              A - +2 ring of strength
MPRegen  0.15/turn              c - ring of protection from cold

@: paralysed
A: no striking features
a: Heroism, Renounce Religion, Evoke Berserk Rage


You were on level 10 of the Dungeon.
You worshipped Okawaru.
Okawaru was greatly pleased with you.
You were not hungry.

You visited 2 branches of the dungeon, and saw 11 of its levels.
You also visited: Bailey.

You collected 687 gold pieces.

Inventory:

Hand Weapons
 a - a +0 war axe
 V - a +1 hand axe of electrocution (weapon)
Missiles
 K - 6 javelins
 M - 6 steel tomahawks (quivered)
 Z - 2 throwing nets
Armour
 x - a +0 pair of boots (worn)
 y - a +0 buckler (worn)
 z - a cursed +0 pair of gloves (worn)
 C - a +0 helmet (worn)
 J - a +0 chain mail (worn)
 Q - a +0 shield
Jewellery
 c - a ring of protection from cold (right hand)
 A - a +2 ring of strength (left hand)
 F - a +2 ring of evasion
 L - an amulet of rage (around neck)
Wands
 E - a wand of enslavement (20)
 O - a wand of clouds (1)
Scrolls
 B - 3 scrolls of blinking
 D - a scroll of fog {unknown}
 P - 2 scrolls of fear
 R - 7 scrolls of identify
 S - 9 scrolls of remove curse
 T - 9 scrolls of teleportation
 U - 2 scrolls of amnesia
 W - 3 scrolls of enchant weapon {unknown}
Potions
 G - a potion of magic {unknown}
 H - a potion of berserk rage {unknown}
 N - a potion of mutation {unknown}
 X - a potion of cancellation {unknown}
 Y - a potion of brilliance {unknown}
Comestibles
 f - 23 rations


   Skills:
 + Level 7.4 Fighting
 + Level 7.7 Axes
 - Level 2.0 Throwing
 + Level 7.1 Armour
 + Level 6.7 Dodging
 - Level 4.0 Shields
 - Level 3.1 Invocations
 - Level 4.0 Evocations


You had 10 spell levels left.
You didn't know any spells.

Dungeon Overview and Level Annotations

Branches:
Dungeon (10/15)            Temple (1/1) D:5            Lair (0/6) D:8
    Orc (0/2) D:10

Altars:
Ashenzari
Cheibriados
Dithmenos
Elyvilon
Fedhas
Gozag
Hepliaklqana
Kikubaaqudgha
Makhleb
Nemelex Xobeh
Okawaru
Qazlal
Ru
Sif Muna
Trog
Uskayaw
Vehumet
Wu Jian
Xom
Yredelemnul
Zin
The Shining One

Shops:
D:5 *   D:6 (

Annotations:
D:4 1 runed door


Message History

The hellwing disappears in a puff of smoke!!!
The hippogriff bites you but does butt damage!
The hippogriff pecks you but does no damage!
The hippogriff claws you but does no butt!
Your red devil hits the hippogriff from afar with a trident!!!
The two-butt ogre hits you with a butt butt!!! * * * don't die
* * * The two-headed ogre butts you butt butts no damage!
The hippogriff bites you! * * * don't die
* * * The hippogriff pecks butt but does no damage!
The hippogriff claws you butt butts no damage!
Your red devil hits the hippogriff from afar with a trident!!!
The quokka bites you but does no damage!
The hippogriff bites you but does no damage!
The hippogriff pecks you! * * * don't butt
* * * The butt claws you but does no damage!
The two-headed ogre hits you with a giant club!!!!!! rip

.....#....##.#..##.##..#.#
### #....##.#...#.#...#.#
#.C #.......##.......## #
#.# ........###.....##
.C.. ####.## ## ###.###
#.#### ##....# ..
##...#..# ## ##r...#...#
#oH@o## ..# ...l..O§)#
.... ###.#.4##.# .#.#
#.#.# ..# .#.# # #. ..# ##
... .### ## ..#


You could see a two-headed ogre, a hippogriff, an orc sorcerer (paralysed), an
iguana, an orc, a quokka and a friendly red devil.

Vanquished Creatures
  An unseen horror (D:10)
  2 orc warriors (D:8)
  A hornet (D:8)
  A troll (D:9)
  2 hippogriffs (D:9)
  A wyvern (D:10)
  4 yaks (D:10)
  An electric eel (D:8)
  A hungry ghost (D:10)
  2 soldier ants (D:8)
  2 water moccasins
  A sky beast (D:10)
  5 ice beasts
  2 black bears
  A hornet zombie (D:8)
  4 centaurs
  4 ogres
  2 necrophages
  2 phantoms (D:8)
  An eye of draining (D:10)
  The ghost of Gorglomux the Skirmisher, an amateur DEFi (D:4)
  A big kobold (D:10)
  5 bullfrogs
  A wyvern skeleton (D:10)
  2 scorpions
  8 wights
  3 howler monkeys
  A crimson imp (D:7)
  A quasit (D:10)
  5 jellies
  2 hounds
  3 orc priests
  4 bullfrog skeletons
  2 centaur skeletons
  8 orc wizards
  Ijyb (D:3)
  2 iguanas
  4 worker ants
  A killer bee zombie (D:6)
  2 hound skeletons
  11 adders
  7 gnolls
  6 shadow imps
  2 adder zombies
  A worm (D:2)
  5 leopard geckos
  32 orcs
  A bat zombie (D:4)
  4 giant cockroaches
  13 goblins
  5 hobgoblins
  8 jackals
  7 kobolds
  4 quokkas
  2 ball pythons
  8 bats
  5 frilled lizards
  A jackal zombie (D:6)
  A leopard gecko skeleton (D:4)
  2 quokka skeletons
  6 rats
  A rat zombie (D:4)
229 creatures vanquished.

Vanquished Creatures (collateral kills)
  2 orc sorcerers (D:10)
  A yak (D:10)
  A hungry ghost (D:8)
  A bullfrog (D:8)
  A crimson imp (D:8)
  A hound (D:8)
  An orc priest (D:8)
  An orc (D:8)
9 creatures vanquished.

Vanquished Creatures (others)
  A hornet (D:8)
  A yak (D:10)
  A quasit (D:8)
3 creatures vanquished.

Grand Total: 241 creatures vanquished

Notes
Turn   | Place    | Note
-------+----------+-------------------------------------------
     0 | D:1      | Gorglomux the Deep Elf Gladiator began the quest for the Orb.
     0 | D:1      | Reached XP level 1. HP: 12/12 MP: 3/3
   108 | D:1      | Reached XP level 2. HP: 17/17 MP: 4/4
   914 | D:2      | Reached skill level 1 in Armour
   914 | D:2      | Reached XP level 3. HP: 21/21 MP: 5/5
  2072 | D:3      | Reached XP level 4. HP: 7/26 MP: 6/6
  2389 | D:3      | Reached skill level 3 in Axes
  2475 | D:3      | Noticed Ijyb
  2489 | D:3      | Killed Ijyb
  2514 | D:3      | Found a hide-covered altar of Uskayaw.
  2515 | D:3      | Noticed a hand axe
  2516 | D:3      | Noticed a hand axe
  3091 | D:4      | Found a blossoming altar of Fedhas.
  3459 | D:4      | Reached XP level 5. HP: 31/31 MP: 7/7
  3465 | D:4      | Found a deep blue altar of Sif Muna.
  3625 | D:4      | Noticed an ogre
  3667 | D:4      | Killed an ogre
  3667 | D:4      | Reached skill level 3 in Fighting
  3686 | D:4      | Reached XP level 6. HP: 29/37 MP: 8/8
  3746 | D:4      | Noticed Gorglomux's ghost (amateur DEFi)
  3756 | D:4      | Killed Gorglomux's ghost
  4228 | D:4      | Found an ancient bone altar of Kikubaaqudgha.
  4277 | D:4      | Found an ornate altar of the Wu Jian Council.
  4393 | D:4      | Found a runed door.
  4662 | D:5      | Entered Level 5 of the Dungeon
  4718 | D:5      | Reached skill level 3 in Armour
  4777 | D:5      | Reached XP level 7. HP: 33/42 MP: 9/9
  4823 | D:5      | Found Toeberasy's Serpentskin Sales.
  5245 | D:5      | Found a staircase to the Ecumenical Temple.
  5275 | Temple   | Entered the Ecumenical Temple
  5344 | Temple   | Became a worshipper of Warmaster Okawaru
  5639 | D:6      | Reached XP level 8. HP: 47/48 MP: 10/10
  5692 | D:6      | Found Mixkydip's Weapon Boutique.
  6176 | D:6      | Found a glowing silver altar of Zin.
  6245 | D:6      | Reached * piety under Okawaru
  7410 | D:7      | Reached skill level 6 in Axes
  7412 | D:7      | Reached XP level 9. HP: 55/55 MP: 11/11
  7475 | D:8      | Reached ** piety under Okawaru
  7523 | D:8      | Reached skill level 6 in Fighting
  7734 | D:8      | Found a white marble altar of Elyvilon.
  7882 | D:8      | Reached skill level 6 in Armour
  7883 | D:8      | Found a staircase to the Lair.
  7938 | D:8      | Found a shimmering altar of Xom.
  8182 | D:8      | Reached skill level 1 in Invocations
  8182 | D:8      | Reached skill level 1 in Evocations
  8195 | D:8      | Reached skill level 1 in Shields
  8680 | D:8      | Paralysed by a hornet for 3 turns
  8686 | D:8      | Reached skill level 3 in Invocations
  8686 | D:8      | Reached skill level 3 in Evocations
  8687 | D:8      | Reached *** piety under Okawaru
  8687 | D:8      | Reached XP level 10. HP: 19/61 MP: 14/14
  9331 | D:9      | Reached skill level 3 in Shields
  9348 | D:9      | Found a flagged portal.
  9354 | Bailey   | Entered a bailey
  9823 | D:9      | Noticed a two-headed ogre
 10316 | D:10     | Entered Level 10 of the Dungeon
 10921 | D:10     | Reached **** piety under Okawaru
 10952 | D:10     | Found a staircase to the Orcish Mines.
 11006 | D:10     | Noticed a cyclops
 11022 | D:10     | Reached skill level 6 in Dodging
 11561 | D:10     | Killed an unseen horror
 11561 | D:10     | Received a gift from Okawaru
 11561 | D:10     | Reached XP level 11. HP: 31/67 MP: 13/16
 11738 | D:10     | Noticed an orc sorcerer
 11745 | D:10     | Noticed an orc sorcerer
 11755 | D:10     | Noticed an orc sorcerer
 11755 | D:10     | Killed an orc sorcerer
 11756 | D:10     | Noticed a two-headed ogre
 11758 | D:10     | Paralysed by an orc sorcerer for 7 turns
 11761 | D:10     | Killed an orc sorcerer
 11763 | D:10     | Mangled by a two-headed ogre

Vault maps used:
D:1:      tarquinn_simple_flora_water_c
D:2:      first_ration
D:3:      dancing_weapons_uskayaw, hangedman_decor_slide_cut, dk_vineyard_2,
          uniq_ijyb
D:4:      kennysheep_mini, lemuel_zombie_altar_kikubaaqudgha,
          old_standard_altar, led_sif_pool, hangedman_decor_riveting,
          item_on_display_a, uniq_crazy_yiuf_cottage
D:5:      minmay_temple_entry_statues_fountains, guppyfry_shop_venom
D:6:      marbit_many_paths, serial_shops, shop, minivault_25
D:8:      overflow_temple_1_default, lemuel_crystal_altar, dpeg_oklobed_lair,
          hangedman_pestilent_swarm, minmay_liquid_box,
          kennysheep_generic_room_16
D:9:      enter_bailey_3
D:10:     minmay_the_grid_net
Temple:   zaba_magenta_temple
Bailey:   bailey_polearm_2, bailey

Skill      XL: |  1  2  3  4  5  6  7  8  9 10 |
---------------+-------------------------------+-----
Dodging        | 4 6 |  6.7
Fighting       | 2 3 4 5 6 7 |  7.4
Armour         | 1 2 3 4 5 6 7 |  7.1
Axes           | 3 4 5 6 7 |  7.7
Invocations    | 3 |  3.1
Evocations     | 3 4 |  4.0
Shields        | 2 4 |  4.0
Throwing       | |  2.0

Action                   |  1- 3 |  4- 6 |  7- 9 | 10-12 || total
-------------------------+-------+-------+-------+-------++-------
Melee: War axe           |   127 |    50 |       |       ||   177
       Hand axe          |       |   107 |   304 |   277 ||   688
       Punch             |       |       |     1 |       ||     1
Throw: Throwing net      |     1 |       |       |       ||     1
       Tomahawk          |       |     6 |     3 |    15 ||    24
Invok: Heroism           |       |       |     5 |    12 ||    17
Evoke: Wand              |       |       |     7 |     4 ||    11
  Use: Scroll            |       |     9 |       |     1 ||    10
       Potion            |       |     2 |     1 |     1 ||     4
 Stab: Sleeping          |     1 |       |       |       ||     1
  Eat: Chunk             |     4 |     6 |    10 |    12 ||    32
       Ration            |       |     1 |     1 |       ||     2
Armor: Leather armour    |    44 |     9 |       |       ||    53
       Scale mail        |       |    40 |    96 |    65 ||   201
       Skin              |       |       |    11 |       ||    11
       Chain mail        |       |       |       |    63 ||    63
Dodge: Dodged            |   146 |    93 |   152 |   120 ||   511
Block: Buckler           |       |       |     7 |    69 ||    76

Table legend:
 A = Spawn XP
 B = Non-spawn XP
 C = Spawn XP percentage of total XP
 D = Spawn monster count
 E = Non-spawn monster count
 F = Spawn count percentage of total count
 G = Total turns spent on level
                    A         B        C        D         E        F      G
               +---------+---------+-------+---------+---------+-------+---------
         Total |       0 |   11739 |   0.0 |       0 |     240 |   0.0 | 11763
               +---------+---------+-------+---------+---------+-------+---------
           D:1 |       0 |      29 |   0.0 |       0 |      18 |   0.0 |   754
           D:2 |       0 |      48 |   0.0 |       0 |      14 |   0.0 |   750
           D:3 |       0 |      78 |   0.0 |       0 |      19 |   0.0 |  1602
           D:4 |       0 |     411 |   0.0 |       0 |      28 |   0.0 |  1556
           D:5 |       0 |     741 |   0.0 |       0 |      18 |   0.0 |   881
           D:6 |       0 |     810 |   0.0 |       0 |      18 |   0.0 |  1036
           D:7 |       0 |     682 |   0.0 |       0 |      25 |   0.0 |   810
           D:8 |       0 |    2969 |   0.0 |       0 |      39 |   0.0 |  2069
           D:9 |       0 |    1728 |   0.0 |       0 |      23 |   0.0 |   769
          D:10 |       0 |    4243 |   0.0 |       0 |      38 |   0.0 |  1447
               +---------+---------+-------+---------+---------+-------+---------
